 Dungeon Crawl Stone Soup version 0.27-a0-242-ge0fc76b88b (webtiles) character file.

Game seed: 1876233447739149624

594 dickylongcocking the Magician (level 7, -1/36 HPs)
             Began as a Deep Elf Venom Mage on Jan 31, 2021.
             Killed by divine providence
             ... invoked by an orc priest
              (10 damage)
             ... on level 4 of the Dungeon on Feb 2, 2021.
             The game lasted 00:07:52 (4505 turns).

dickylongcocking the Magician (Deep Elf Venom Mage) Turns: 4505, Time: 00:07:53

Health: -1/36      AC:  2    Str:  5    XL:     7   Next: 16%
Magic:  19/19      EV: 13    Int: 22    God:
Gold:   134        SH:  0    Dex: 15    Spells: 10/20 levels left

rFire    . . .     SeeInvis .   i - +2 short sword (protect)
rCold    . . .     Faith    .   (no shield)
rNeg     . . .     Spirit   .   a - +0 robe
rPois    +         Reflect  .   u - +0 hat
rElec    .         Harm     .   (no cloak)
rCorr    .         Rampage  .   (no gloves)
Will     .....                  (no boots)
Stlth    ++........             e - amulet of magic regeneration
HPRegen  0.12/turn              d - ring of poison resistance
MPRegen  0.41/turn              (no ring)

@: flying, hasted, very quick
A: no striking features
a: no special abilities


You were on level 4 of the Dungeon.
You visited 1 branch of the dungeon, and saw 4 of its levels.

You collected 134 gold pieces.

Inventory:

Hand Weapons
 i - a +2 short sword of protection (weapon)
Armour
 a - a +0 robe (worn)
 u - a +0 hat (worn)
Jewellery
 d - a ring of poison resistance (left hand)
 e - an amulet of magic regeneration (around neck)
 n - a +6 ring of strength {unknown}
Wands
 o - a wand of random effects (19)
Scrolls
 b - 6 scrolls of identify {unknown}
 g - 3 scrolls of teleportation {unknown}
 h - a scroll of immolation {unknown}
 j - a scroll of blinking {unknown}
 k - a scroll of amnesia {unknown}
 p - a scroll of remove curse {unknown}
 s - a scroll of fog {unknown}
Potions
 c - a potion of berserk rage {unknown}
 f - a potion of curing
 l - 2 potions of flight
 m - a potion of brilliance {unknown}
 q - a potion of might {unknown}
 t - a potion of magic {unknown}


   Skills:
 - Level 2.4 Dodging
 - Level 2.4 Stealth
 * Level 7.3 Spellcasting
 - Level 3.0 Transmutations
 * Level 6.4 Poison Magic


You had 10 spell levels left.
You knew the following spells:

 Your Spells              Type           Power        Failure   Level
a - Sting                 Tmut/Pois      100%         1%          1
d - Olgreb's Toxic Radia  Pois           36%          5%          4
i - Ignite Poison         Fire/Tmut/Pois 22%          6%          3
p - Poisonous Vapours     Pois/Air       44%          3%          2

Your spell library contained the following spells:

 Spells                   Type           Power        Failure   Level
 Magic Dart               Conj           32%          9%          1
 Mephitic Cloud           Conj/Pois/Air  17%          10%         3
 Searing Ray              Conj           16%          12%         2
 Confusing Touch          Hex            8%           24%         3
 Dazzling Flash           Conj/Hex       16%          24%         3
 Gell's Gravitas          Tloc           4%           24%         3
 Petrify                  Tmut/Erth      14%          38%         4
 Fulminant Prism          Conj/Hex       4%           63%         4
 Iskenderun's Mystic Bla  Conj/Tloc      8%           63%         4
 Yara's Violent Unravell  Hex/Tmut       7%           75%         5
 Metabolic Englaciation   Hex/Ice        4%           92%         5


Dungeon Overview and Level Annotations

Branches:
Dungeon (4/15)
 Temple: D:4-7

Altars:
Uskayaw


Message History

Casting: Sting (safe; 1% risk of failure)
Confirm with . or Enter, or press ? or * to list all spells.
Aiming: Sting (safe; 1% risk of failure)
Press: ? - help, Shift-Dir - straight line, f - orc
Aim: an orc (22% to evade)
The sting hits the orc.
The orc is poisoned.
The orc is almost dead.
The orc priest miscasts a cantrip.
Unknown command.
It was a potion of curing.
You feel better. The orc misses you. The orc hits you with a +0 hand axe.
* * * LOW HITPOINT WARNING * * *
It was a potion of flight.
You feel very buoyant.
You fly up into the air.
The orc misses you. The orc completely misses you.
It was a potion of haste.
You feel yourself speed up.
You kill the orc!
The orc priest calls down the wrath of Beogh upon you.
Beogh smites you!
You die...

### #.. #.#
####### #.#
#.....###.###
#........@oo#
#.....###.#.ow.#
#.....#
#.#.......
#.....#
#......##.
##.#### #####.##
#.# .# # ##.## #
# ##...## ##+##
# #.###.#
##...## #


You could see a worm, an orc priest and 2 orcs.

Vanquished Creatures
  Sigmund (D:3)
  A bullfrog zombie (D:4)
  2 jellies (D:3)
  A bullfrog skeleton (D:4)
  Jessica (D:3)
  An iguana (D:4)
  An orc wizard (D:4)
  2 worker ant zombies (D:4)
  7 adders
  11 oozes
  An adder zombie (D:4)
  An adder skeleton (D:4)
  4 dart slugs
  A leopard gecko (D:3)
  11 orcs
  11 bats
  2 giant cockroaches
  4 goblins
  6 hobgoblins
  7 jackals
  5 quokkas
  A ball python (D:1)
  A ball python zombie (D:4)
  8 frilled lizards
  17 kobolds
  A leopard gecko zombie (D:4)
  10 rats
119 creatures vanquished.

Vanquished Creatures (others)
  4 fungi (D:3)
  9 toadstools (D:3)
13 creatures vanquished.

Grand Total: 132 creatures vanquished

Notes
Turn   | Place    | Note
-------+----------+-------------------------------------------
     0 | D:1      | dickylongcocking the Deep Elf Venom Mage began the quest
                  | for the Orb.
     0 | D:1      | Reached XP level 1. HP: 10/10 MP: 6/6
   187 | D:1      | Reached XP level 2. HP: 5/15 MP: 1/8
   197 | D:1      | Learned a level 2 spell: Poisonous Vapours
   959 | D:1      | Reached XP level 3. HP: 19/19 MP: 0/10
  1464 | D:2      | Reached skill level 4 in Spellcasting
  1802 | D:2      | Reached XP level 4. HP: 24/24 MP: 8/12
  1918 | D:2      | Found a faded altar of an unknown god.
  2042 | D:2      | Found a hide-covered altar of Uskayaw.
  3008 | D:3      | Noticed Jessica
  3017 | D:3      | Learned a level 3 spell: Ignite Poison
  3022 | D:3      | Learned a level 4 spell: Olgreb's Toxic Radiance
  3024 | D:3      | Killed Jessica
  3025 | D:3      | Reached XP level 5. HP: 28/28 MP: 11/14
  3131 | D:3      | Noticed Sigmund
  3134 | D:3      | Killed Sigmund
  3135 | D:3      | Reached skill level 5 in Spellcasting
  3135 | D:3      | Reached skill level 5 in Poison Magic
  3135 | D:3      | Reached XP level 6. HP: 32/32 MP: 8/16
  3223 | D:3      | Reached skill level 6 in Spellcasting
  4137 | D:4      | Reached skill level 7 in Spellcasting
  4137 | D:4      | Reached XP level 7. HP: 36/36 MP: 13/19
  4379 | D:4      | Upgraded the game from 0.27-a0-203-gd48b2df3c9 to
                  | 0.27-a0-242-ge0fc76b88b
  4505 | D:4      | Killed from afar by an orc priest

Illustrated notes

Levels and vault maps discovered:
D:1:      dpeg_arrival_houses_and_road, layout_basic, feat_on_display
D:2:      layout_rooms, overflow_temple_1_default,
          chequers_ecumenical_altar_island
D:3:      cheibrodos_fertilizer, layout_loops_ring,
          wander_ebering_terrifying_dragon_lair, uniq_sigmund, uniq_jessica
D:4:      layout_loops_corners, serial_undead, serial_undead_b, serial_undead_d,
          serial_undead_c, serial_undead_a

Skill      XL: |  1  2  3  4  5  6 |
---------------+-------------------+-----
Transmutations | 2 3 |  3.0
Spellcasting   | 4 5 7 |  7.3
Poison Magic   | 4 5 6 |  6.4
Dodging        | |  2.4
Stealth        | |  2.4

Action                   |  1- 3 |  4- 6 |  7- 9 || total
-------------------------+-------+-------+-------++-------
Melee: Unarmed           |     3 |       |       ||     3
       Short sword       |     5 |   133 |    40 ||   178
 Cast: Sting             |    32 |    36 |     5 ||    73
       Poisonous Vapours |    33 |    18 |       ||    51
       Ignite Poison     |       |     9 |     1 ||    10
       Olgreb's Toxic Ra |       |     1 |       ||     1
  Use: Potion            |     2 |       |     3 ||     5
 Stab: Sleeping          |       |     8 |     1 ||     9
Armor: Robe              |     6 |    37 |    10 ||    53
Dodge: Dodged            |    56 |   116 |    30 ||   202

Table legend: (Time is in decaauts)
 A = Elapsed time spent in this place.
 B = Non-inter-level travel time spent in this place.
 C = Inter-level travel time spent in this place.
 D = Time resting spent in this place.
 E = Time spent auto-exploring this place.
 F = Levels seen in this place.
 G = Mean time per level.
                   A        B        C        D        E       F      G
               +--------+--------+--------+--------+--------+-----+--------+
         Total |   4524 |   4443 |     81 |    822 |   2814 |   4 | 1131.0 |
       Dungeon |   4524 |   4443 |     81 |    822 |   2814 |   4 | 1131.0 |
               +--------+--------+--------+--------+--------+-----+--------+

Top non-repeatable levels by time:
     D:3: 1616 daAuts
     D:1: 1387 daAuts
     D:2: 888 daAuts
     D:4: 632 daAuts
